 Dungeon Crawl Stone Soup version 0.29.1-12-g30fa7ad0bf (webtiles) character file.

Game seed: 6159291263849554965

151 hawla the Firebug (level 5, -1/38 HPs)
             Began as a Meteoran Fire Elementalist on Jan 1, 2023.
             Slain by an orc
             ... wielding a +0 club
              (3 damage)
             ... on level 4 of the Dungeon.
             The game lasted 00:04:04 (420 turns).

hawla the Firebug (Meteoran Fire Elementalist)       Turns: 420, Time: 00:04:05

Health: -1/38      AC:  2    Str: 10    XL:     5   Next: 90%
Magic:  6/12       EV: 13    Int: 18    God:
Gold:   69         SH:  0    Dex: 14    Spells: 5/12 levels left

rFire   . . .      SeeInvis .   (no weapon)
rCold   . . .      Faith    .   (no shield)
rNeg    . . .      Spirit   .   a - +0 robe
rPois   .          Reflect  .   (no helmet)
rElec   .          Harm     .   (no cloak)
rCorr   .          Rampage  .   (no gloves)
Will    .....                   (no boots)
Stlth   +.........              (no amulet)
HPRegen 0.12/turn               (no ring)
MPRegen 0.13/turn               (no ring)

@: very slightly contaminated, glowing
A: sense surroundings 1, otherworldly, glowing, explore regen
a: no special abilities


You were on level 4 of the Dungeon.
You visited 1 branch of the dungeon, and saw 4 of its levels.

You collected 69 gold pieces.

Inventory:

Armour
 a - a +0 robe (worn)
Scrolls
 c - a scroll of identify
Potions
 e - a potion of haste
 g - a potion of curing


   Skills:
 - Level 0.1 Fighting
 - Level 3.2 Dodging
 - Level 1.4 Stealth
 - Level 4.3 Spellcasting
 + Level 2.0 Conjurations
 - Level 5.3 Fire Magic


You had 5 spell levels left.
You knew the following spells:

 Your Spells              Type           Power      Damage    Failure   Level
a - Foxfire               Conj/Fire      68%        2x1d7     3%          1
b - Scorch                Fire           46%        2d7       2%          2
c - Flame Wave            Conj/Fire      17%        2d7       30%         4

Your spell library contained the following spells:

 Spells                   Type           Power      Damage    Failure   Level
 Shock                    Conj/Air       28%        1d4       10%         1
 Conjure Flame            Conj/Fire      17%        6-21      10%         3
 Inner Flame              Hex/Fire       13%        N/A       14%         3
 Swiftness                Air            3%         N/A       38%         3
 Airstrike                Air            1%         2d(1-17)  80%         4


Dungeon Overview and Level Annotations

Branches:
Dungeon (4/15) Zot: 1979
 Temple: D:4-7

Altars:

Shops:
D:4 [


Innate Abilities, Weirdness & Mutations

You passively map a small area around you.
You are easily found by Zot.
You glow in the dark.
You regain HP and MP as you explore.


Message History

Confirm with . or Enter, or press ? or * to list all spells.
You conjure some foxfire!
The orc barely misses you. The orc hits you with a +0 club.
The orc wizard hits you with a +0 dagger.
Casting: Foxfire (safe; 3% risk of failure)
Confirm with . or Enter, or press ? or * to list all spells.
Flames lash the orc wizard.
The orc wizard is lightly wounded.
The orc wizard's fire resistance burns away.
The foxfire hits the orc but does no damage.
The orc is moderately wounded.
The foxfire hits the orc.
The orc is heavily wounded.
The orc barely misses you. The orc hits you but does no damage.
The orc wizard hits you but does no damage.
Your magical contamination has completely faded away.
Casting: Scorch (safe; 2% risk of failure)
Confirm with . or Enter, or press ? or * to list all spells.
You miscast Foxfire.
You are very lightly contaminated with residual magic.
Nothing appears to happen.
The endoplasm freezes you.
You are frozen.
The orc hits you with a +0 falchion!
* * * LOW HITPOINT WARNING * * *
The orc hits you with a +0 club.
* * * LOW HITPOINT WARNING * * *
The orc wizard hits you but does no damage.
As you read the scroll labelled NEURCH TUXE, it crumbles to dust.
You feel aware of your surroundings.
It was a scroll of magic mapping.
The endoplasm hits you.
* * * LOW HITPOINT WARNING * * *
The orc misses you. The orc hits you with a +0 club.
* * * LOW HITPOINT WARNING * * *
The orc wizard barely misses you.
As you read the scroll labelled FOHALORUVI, it crumbles to dust.
It is a scroll of brand weapon.
You aren't carrying any weapons that can be branded.
The orc wizard is no longer more vulnerable to fire.
The orc hits you with a +0 club.
You die...

**,########...# #...####
*,...?.......# #.#.#
**########...# #####.#.#####
******* #...####.....#......
,,,,,,* ####............#...
,,>,,,* #.....#######.##..
,,,,,,* ####..#### #.###.
,,,,,,* #..J.## #..##.
,,,,,,* *#.ro@# ##..#*
,,,,,,** #...oo# ##.#
,,,,,,,* #....o#***** #.#
,,,,,,,* *#......,,,,** #.#
,,,,,,,***#..<...#***,,**
#.#
**,***,,*#..#.....,,,*,,****
#.# *,*
**,,#.##.....,,,**,,,,* #.#
*,* **,#.*####..,,,*****,*
#.## *,* *,*,*****,,,,,* *,*
#..#


You could see an orc wizard, 3 orcs, an endoplasm and a quokka.

Vanquished Creatures
  A black bear (D:4)
  3 adders
  A worm (D:2)
  A dart slug (D:4)
  An orc (D:4)
  2 bats
  4 endoplasms
  5 goblins
  2 hobgoblins
  A quokka (D:2)
  A frilled lizard (D:1)
  A kobold (D:2)
  2 rats
25 creatures vanquished.

Vanquished Creatures (others)
  75 foxfires
75 creatures vanquished.

Grand Total: 100 creatures vanquished

Notes
Turn   | Place    | Note
-------+----------+-------------------------------------------
     0 | D:1      | hawla the Meteoran Fire Elementalist began the quest for
                  | the Orb.
     0 | D:1      | Reached XP level 1. HP: 14/14 MP: 5/5
   128 | D:1      | Reached skill level 4 in Fire Magic
   128 | D:1      | Reached XP level 2. HP: 20/20 MP: 3/6
   155 | D:2      | Reached XP level 3. HP: 26/26 MP: 4/8
   223 | D:3      | Learned a level 2 spell: Scorch
   290 | D:4      | Found Efinwol's Antique Armour Shoppe.
   298 | D:4      | Reached XP level 4. HP: 33/33 MP: 6/10
   363 | D:4      | Noticed a black bear
   373 | D:4      | Killed a black bear
   374 | D:4      | Reached skill level 5 in Fire Magic
   374 | D:4      | Reached XP level 5. HP: 18/38 MP: 0/12
   379 | D:4      | Learned a level 4 spell: Flame Wave
   420 | D:4      | Slain by an orc

Illustrated notes

Levels and vault maps discovered:
D:1:      heliophobic_arrival_enchanted_forest, layout_basic,
          shapermc_ecumenical_altar_venn, minmay_close_crescents
D:2:      layout_basic, grunt_decor_resistance, corexii_leaking_fountain,
          minmay_pentomino_u2
D:3:      layout_loops_ring, mainiacjoe_overflow_alcove_3, serial_shops, shop,
          kennysheep_pointless_box, minivault_23
D:4:      layout_rooms, serial_shops, shop, feat_on_display

Skill      XL: |  1  2  3  4 |
---------------+-------------+-----
Fire Magic     | 4 5 |  5.3
Spellcasting   | 3 4 |  4.3
Dodging        | 3 |  3.2
Conjurations   | 2 |  2.0
Fighting       | |  0.1
Stealth        | |  1.4

Action                   |  1- 3 |  4- 6 || total
-------------------------+-------+-------++-------
Melee: Unarmed           |     4 |     2 ||     6
 Cast: Foxfire           |    31 |    14 ||    45
       Scorch            |     2 |     6 ||     8
  Use: Scroll            |     4 |     2 ||     6
       Potion            |       |     1 ||     1
Armor: Robe              |     5 |     5 ||    10
Dodge: Dodged            |     3 |    17 ||    20
